Map: 国王藏宝地-天梯版

Players

Adonis

  • Race: Protoss Protoss
  • League: Grandmaster
  • Spawn Location: 11:00

猫咪 - Winner!

  • Race: Terran Terran
  • League: Grandmaster
  • Spawn Location: 5:00

VOD

Have the link to the VOD?

Description

Time

  • Played on: Feb. 9, 2025, 8:32 a.m.
  • Length: 12:46
Show
View Real Time Build Order
Export as new Build Order

Adonis Protoss 

Build Orders: 1 Gate Expand, Colossus Rush 

Get SALT Encoding   

  12  0:00  Probe  
  13  0:12  Probe  
  14  0:18  Pylon  
  14  0:24  Probe  
  15  0:32  Probe  
  15  0:38  Gateway  
  15  0:41  Probe  
  16  0:47  Assimilator  
  17  0:52  Probe  
  18  1:04  Probe  
  19  1:16  Probe  
  20  1:27  Cybernetics Core  
  20  1:37  Nexus  
  20  1:40  Probe  
  20  1:46  Pylon  
  21  1:52  Assimilator  
  21  1:53  Stalker  
  21  1:54  Probe  
  22  2:06  Probe  
  25  2:08  Warp Gate  
  25  2:18  Probe  
  26  2:27  Probe  
  26  2:30  Sentry  
  26  2:35  Probe  
  30  2:44  Probe  
  30  2:49  Probe, Twilight Council  
  31  2:56  Probe  
  31  2:57  Probe  
  33  3:04  Gateway  
  33  3:05  Stalker  
  34  3:08  Probe x2  
  38  3:20  Probe x2  
  40  3:32  Probe x2  
  42  3:34  Nexus  
  42  3:37  Charge  
  42  3:42  Pylon  
  42  3:44  Probe  
  42  3:47  Probe  
  44  3:52  Assimilator  
  44  3:58  Robotics Facility  
  44  3:59  Probe x2  
  46  4:04  Stalker  
  48  4:11  Probe x2, Pylon  
  48  4:15  Stalker  
  48  4:17  Pylon  
  52  4:23  Probe  
  53  4:33  Gateway  
  53  4:34  Gateway  
  53  4:37  Stalker  
  55  4:40  Stalker  
  57  4:58  Probe x2  
  57  4:59  Probe  
  56  5:04  Observer  
  56  5:06  Probe  
  60  5:09  Probe x2, Robotics Bay  
  60  5:12  Gateway  
  60  5:13  Gateway  
  63  5:16  Probe  
  63  5:18  Gateway  
  64  5:24  Probe  
  64  5:25  Probe  
  64  5:26  Gateway  
  66  5:31  Blink  
  66  5:32  Observer  
  66  5:35  Probe  
  68  5:36  Probe  
  68  5:38  Probe  
  68  5:40  Pylon  
  70  5:45  Pylon  
  70  5:46  Zealot x2  
  70  5:48  Sentry  
  70  5:49  Observer  
  76  5:51  Zealot  
  76  5:54  Colossus  
  78  5:58  Probe x3  
  81  6:05  Assimilator  
  81  6:06  Assimilator  
  87  6:15  Pylon  
  87  6:17  Zealot x2  
  87  6:18  Zealot  
  93  6:19  Zealot  
  91  6:31  Probe  
  90  6:33  Shield Battery  
  90  6:34  Probe, Shield Battery  
  90  6:37  Probe  
  90  6:39  Probe, Warp Prism  
  93  6:41  Extended Thermal Lance, Forge  
  93  6:42  Forge  
  93  6:45  Observer  
  93  6:46  Probe  
  95  6:48  Probe  
  95  6:49  Probe  
  99  6:57  Zealot  
  99  6:58  Zealot, Probe  
  99  7:00  Zealot, Probe  
  108  7:01  Probe  
  108  7:13  Pylon  
  108  7:15  Pylon  
  108  7:21  Pylon  
  108  7:30  Photon Cannon, Colossus  
  108  7:32  Zealot x4  
  108  7:34  Sentry  
  108  7:36  Zealot  
  120  7:38  Zealot  
  120  7:39  Zealot  
  130  7:48  Photon Cannon, Protoss Ground Weapons Level 1  
  130  7:50  Photon Cannon, Pylon  
  130  7:57  Protoss Ground Armor Level 1  
  130  7:58  Templar Archives  
  130  8:12  Zealot  
  130  8:13  Zealot x4, Colossus  
  132  8:21  Pylon  
  132  8:23  Pylon  
  132  8:24  Probe  
  132  8:26  Pylon x2  
  129  8:30  Robotics Facility  
  129  8:32  Pylon  
  129  8:36  Assimilator  
  129  8:38  Zealot x4  
  137  8:44  Photon Cannon  
  137  8:46  Photon Cannon  
  137  8:50  High Templar x2  
  137  8:51  High Templar x2  
  145  8:59  Archon x2, Pylon  
  145  9:00  Zealot x2  
  145  9:01  Zealot x2  
  153  9:15  Zealot, Stalker x3  
  159  9:19  Gateway  
  159  9:21  Gateway  
  159  9:24  Warp Prism  
  157  9:28  Zealot  
  157  9:29  Zealot x2  
  131  9:31  Immortal  
  121  9:44  Protoss Ground Armor Level 2  
  123  9:53  Psionic Storm  
  123  9:56  Protoss Ground Weapons Level 2  
  123  10:04  Nexus  
  123  10:06  Pylon  
  123  10:09  Probe x2  
  123  10:10  Probe  
  126  10:17  High Templar x2  
  126  10:18  High Templar x2  
  126  10:19  High Templar  
  136  10:27  Shield Battery  
  136  10:29  Shield Battery  
  136  10:30  Shield Battery  
  136  10:33  Photon Cannon  
  136  10:34  Photon Cannon  
  136  10:38  Zealot, Pylon  
  136  10:40  Zealot  
  140  10:43  Zealot  
  140  10:45  Zealot  
  144  11:00  High Templar  
  144  11:01  High Templar  
  144  11:02  Observer  
  144  11:03  Immortal  
  153  11:11  Zealot x3  
  153  11:12  Zealot  
  161  11:20  Dark Shrine, Immortal  
  155  11:34  Probe x4  
  155  11:36  Assimilator  
  159  11:40  Assimilator  
  159  11:42  Stalker x5  
  159  11:43  Stalker  
  159  11:46  Probe x2  
  165  11:47  Stalker  
  165  11:53  Immortal  
  108  12:23  Zealot x6  
  108  12:27  High Templar x2  
  121  12:37  Stalker  
  121  12:39  Archon  
  121  12:41  Zealot  
Show
View Real Time Build Order
Export as new Build Order

猫咪 Terran - Winner!

Build Orders: Reaper Expand 

Get SALT Encoding   

  12  0:00  SCV  
  13  0:12  SCV  
  14  0:18  Supply Depot  
  14  0:24  SCV  
  15  0:39  SCV  
  15  0:40  Barracks  
  16  0:45  Refinery  
  16  0:51  SCV  
  17  1:03  SCV  
  18  1:15  SCV  
  19  1:28  Reaper, Orbital Command  
  20  1:42  Command Center  
  20  1:50  Supply Depot  
  20  1:54  SCV  
  20  2:00  Marine  
  22  2:07  SCV  
  23  2:12  Factory  
  23  2:20  SCV  
  24  2:23  Bunker  
  24  2:24  Barracks Reactor  
  24  2:28  Refinery  
  24  2:32  SCV  
  25  2:44  SCV  
  26  2:55  Orbital Command  
  26  2:56  Hellion  
  26  2:57  Starport  
  28  2:59  SCV  
  29  3:06  Marine x2  
  29  3:11  SCV  
  32  3:18  Widow Mine  
  34  3:23  Marine, SCV  
  34  3:24  Marine  
  34  3:25  SCV  
  38  3:34  Medivac, Supply Depot  
  38  3:36  SCV  
  38  3:37  SCV  
  38  3:40  Widow Mine  
  44  3:46  Marine x2  
  46  3:56  SCV x2, Supply Depot  
  48  4:03  Factory Tech Lab  
  48  4:05  Starport Tech Lab  
  48  4:08  Marine x2, SCV x2  
  52  4:17  Barracks, Supply Depot  
  52  4:20  SCV x2  
  52  4:22  Siege Tank  
  57  4:25  Raven  
  60  4:32  SCV x2  
  60  4:34  Marine  
  60  4:35  Barracks  
  62  4:39  Marine  
  62  4:41  Supply Depot  
  62  4:44  SCV x2  
  62  4:55  Siege Tank  
  62  4:58  Marine  
  62  4:59  Marine  
  65  5:01  SCV x2  
  65  5:02  Engineering Bay  
  65  5:04  Refinery x2  
  67  5:08  Supply Depot  
  67  5:13  SCV  
  68  5:15  SCV  
  68  5:19  Marine x2  
  68  5:20  Stimpack  
  71  5:21  Marauder  
  71  5:25  SCV  
  71  5:27  SCV  
  75  5:30  Supply Depot  
  75  5:33  Terran Infantry Weapons Level 1  
  75  5:37  Marine x2  
  75  5:38  SCV  
  75  5:39  Combat Shield  
  75  5:40  Supply Depot  
  75  5:41  Marauder  
  80  5:43  Marauder  
  80  5:49  Starport Reactor  
  82  5:53  Factory Reactor  
  82  5:58  Marine x2  
  82  5:59  Command Center  
  82  6:02  Marauder  
  82  6:03  Supply Depot  
  86  6:06  Marauder  
  88  6:22  Marine x2  
  88  6:24  Marauder  
  92  6:25  Medivac  
  92  6:26  Medivac  
  92  6:28  Marauder  
  92  6:31  Widow Mine x2  
  102  6:36  SCV x2  
  104  6:40  Marine  
  104  6:41  Barracks  
  104  6:42  Barracks  
  104  6:44  Marine  
  104  6:45  Marauder  
  108  6:52  Widow Mine  
  110  6:56  Supply Depot  
  110  7:00  Supply Depot  
  110  7:10  Widow Mine, Marine x2, SCV x2, Medivac x2, Marauder  
  110  7:11  Marauder  
  124  7:22  SCV, Concussive Shells  
  125  7:23  SCV  
  125  7:24  Widow Mine  
  125  7:28  Marine  
  129  7:32  Barracks Tech Lab, Widow Mine, Marauder x2  
  129  7:33  Barracks Reactor  
  135  7:38  SCV x2  
  135  7:40  Terran Infantry Armor Level 1  
  135  7:42  Supply Depot  
  67  7:51  Viking x2  
  136  7:53  SCV  
  136  7:55  Orbital Command  
  141  7:58  Supply Depot  
  141  8:04  Marauder x3  
  147  8:07  SCV  
  147  8:08  SCV, Supply Depot  
  148  8:20  SCV  
  148  8:23  Viking  
  148  8:24  Viking  
  148  8:31  Supply Depot  
  148  8:36  Command Center  
  148  8:37  Engineering Bay, Armory  
  148  8:39  Supply Depot  
  148  8:40  Marauder  
  150  8:43  Marauder  
  150  8:45  SCV  
  150  8:47  Refinery x2  
  153  8:52  Ghost Academy  
  153  8:54  Viking  
  155  8:57  Viking  
  155  8:58  SCV  
  158  9:04  Marauder  
  158  9:05  Marauder  
  160  9:10  Marine  
  160  9:11  Marine  
  160  9:13  SCV x2  
  160  9:15  Supply Depot  
  160  9:16  SCV  
  165  9:24  Viking  
  165  9:26  Marauder  
  165  9:28  Terran Infantry Weapons Level 2, Marauder  
  143  9:33  Marauder  
  143  9:35  Marine  
  143  9:36  Marine x2  
  143  9:37  Viking  
  136  9:46  Marine  
  136  9:47  Marauder  
  136  9:48  Ghost  
  136  9:49  Orbital Command  
  136  9:53  Ghost, Marine  
  136  9:54  Viking  
  136  9:59  Marine x2  
  142  10:03  Terran Infantry Armor Level 2  
  144  10:08  Ghost  
  144  10:11  Supply Depot  
  144  10:12  Marine x2, Supply Depot  
  147  10:18  Marine, Marauder  
  147  10:19  Marine, Viking  
  153  10:22  SCV, Marauder  
  153  10:23  Orbital Command  
  153  10:25  SCV  
  153  10:28  Missile Turret  
  157  10:30  Viking  
  157  10:31  Missile Turret  
  157  10:32  SCV  
  157  10:34  Marine x2  
  162  10:37  Marauder  
  162  10:39  Marauder  
  162  10:42  SCV x2  
  168  10:44  Marine, Barracks x2  
  168  10:45  Barracks  
  168  10:49  Viking  
  171  10:52  SCV x2  
  171  10:54  SCV  
  171  10:56  Marine, Marauder  
  171  10:57  Marine x2, SCV  
  177  11:00  Marine, Marauder  
  177  11:01  Marine  
  177  11:04  SCV  
  185  11:12  SCV, Missile Turret  
  185  11:13  SCV  
  185  11:14  Marine, Sensor Tower  
  185  11:17  Marine, Marauder  
  185  11:18  Marine, Sensor Tower  
  192  11:22  Viking  
  192  11:25  Viking  
  196  11:27  Marauder  
  196  11:29  Marauder  
  200  11:44  SCV  
  199  11:53  Command Center, Barracks Tech Lab x3  
  199  11:56  Supply Depot x2  
  199  12:03  Command Center  
  183  12:10  Marine, Marauder  
  183  12:13  Marine, Medivac x2, Marauder  
  183  12:14  Ghost x2, Marine, Marauder  
  190  12:20  Marauder  
Tags
 
Add a new tag
Caveats
  • Supply blocks, unpowered buildings, or Contaminate may cause inaccurate times.
  • Supply counts are checked every 10 seconds.